 Dungeon Crawl Stone Soup version 0.29-a0-284-gf9362112df (webtiles) character file.

Game seed: 8282907871333572927

142 Patoropollo the Skirmisher (level 5, -2/42 HPs)
             Began as a Human Fighter on Mar 23, 2022.
             Killed from afar by an oklob plant (22 damage)
             ... with a splash of acid
             ... on level 3 of the Dungeon.
             The game lasted 00:06:43 (3484 turns).

Patoropollo the Skirmisher (Human Fighter)          Turns: 3484, Time: 00:06:44

Health: -2/42      AC:  5    Str: 18    XL:     5   Next: 50%
Magic:  5/5        EV:  7    Int:  9    God:
Gold:   203        SH:  4    Dex: 12    Spells: 4/4 levels left

rFire   . . .      SeeInvis .   h - +0 whip (flame)
rCold   . . .      Faith    .   c - +0 buckler
rNeg    . . .      Spirit   .   i - +0 chain mail
rPois   .          Reflect  .   (no helmet)
rElec   .          Harm     .   (no cloak)
rCorr   .          Rampage  .   (no gloves)
Will    .....                   (no boots)
Stlth   ..........              (no amulet)
HPRegen 0.14/turn               (no ring)
MPRegen 0.09/turn               (no ring)

@: corroded
A: no striking features
a: no special abilities


You were on level 3 of the Dungeon.
You visited 1 branch of the dungeon, and saw 3 of its levels.

You collected 203 gold pieces.

Inventory:

Hand Weapons
 h - a +0 whip of flaming (weapon)
Armour
 c - a +0 buckler (worn)
 i - a +0 chain mail (worn)
Jewellery
 k - a +6 ring of dexterity
Scrolls
 a - a scroll of fear
 j - 2 scrolls of brand weapon
 m - a scroll of teleportation
 n - a scroll of identify
Potions
 b - a potion of haste {unknown}
 d - 2 potions of might
 e - a potion of degeneration {unknown}
 f - 5 potions of curing
 g - a potion of magic {unknown}
 l - a potion of flight {unknown}
 p - a potion of lignification {unknown}


   Skills:
 + Level 3.7 Fighting
 + Level 2.9 Maces & Flails
 + Level 3.7 Armour
 + Level 1.8 Dodging
 + Level 3.6 Shields


You had 4 spell levels left.
You didn't know any spells.
Your spell library contained the following spells:

 Spells                   Type           Power      Damage    Failure   Level
 Corpse Rot               Necr/Air       0%         N/A       100%        2
 Poisonous Vapours        Pois/Air       0%         N/A       100%        2


Dungeon Overview and Level Annotations

Branches:
Dungeon (3/15)

Altars:
Fedhas

Annotations:
D:3 exclusion: oklob plant


Message History

You hit the quokka. You burn the quokka.
The quokka is severely wounded.
The quokka barely misses you.
You hit the quokka. You burn the quokka.
The quokka is almost dead.
You block the quokka's attack.
You closely miss the quokka.
The quokka is almost dead.
The quokka bites you but does no damage.
You barely miss the quokka.
The quokka is almost dead.
The quokka bites you but does no damage.
You hit the quokka. You burn the quokka.
You kill the quokka!
No target in view!
No target in view!
Found a blossoming altar of Fedhas.
An oklob plant comes into view.
Marking area around an oklob plant as unsafe for travelling.
Really walk into a travel-excluded area?
You hit the plant.
The plant begins to die.
You burn the plant.
The plant is lightly damaged.
You hit the plant. You burn the plant.
The plant is lightly damaged.
You hit the plant. You burn the plant.
The plant is lightly damaged.
You hit the plant. You burn the plant.
The plant is lightly damaged.
A nearby plant withers and dies.
The oklob plant spits acid at you. The splash of acid hits you!!
Ouch! That really hurt!
The acid corrodes you!
You hit the oklob plant but do no damage.
You hit the oklob plant but do no damage.
You hit the oklob plant but do no damage.
The oklob plant spits acid at you. The splash of acid hits you!!
Ouch! That really hurt!
You die... ################ .P.PPPPPP.PP.P# ## ###..#.PPPP.#P.##PP #.P...PPP.PPPP.#PPP #P@.#PPPP#..PPPPPPP

#...PPP#.......PPPP
#PP..PP..≈≈≈≈≈..##P
##PPP...≈≈≈≈≈≈≈..PP
#PP#P..≈≈≈≈≈≈≈≈≈..#
#PP#P.≈≈≈≈≈≈≈≈≈≈≈.P
#P..P.≈≈≈≈...≈≈≈≈.#
#P#P#......_.≈≈≈≈..
#PPP#.≈≈≈≈...≈≈≈≈.#


You could see an oklob plant.

Vanquished Creatures
  3 adders
  3 gnolls (D:3)
  2 worms (D:2)
  A dart slug (D:2)
  5 orcs (D:2)
  7 endoplasms
  2 giant cockroaches (D:1)
  3 goblins
  5 hobgoblins
  7 jackals
  7 kobolds
  7 quokkas
  5 ball pythons
  3 bats
  7 frilled lizards
  6 rats
73 creatures vanquished.

Vanquished Creatures (others)
  A plant (D:3)
1 creature vanquished.

Grand Total: 74 creatures vanquished

Notes
Turn   | Place    | Note
-------+----------+-------------------------------------------
     0 | D:1      | Patoropollo the Human Fighter began the quest for the Orb.
     0 | D:1      | Reached XP level 1. HP: 18/18 MP: 1/1
    10 | D:1      | Found a faded altar of an unknown god.
   237 | D:1      | Reached XP level 2. HP: 11/24 MP: 2/2
   949 | D:1      | Reached XP level 3. HP: 29/29 MP: 3/3
  1016 | D:1      | Reached skill level 1 in Dodging
  1606 | D:2      | Reached XP level 4. HP: 29/35 MP: 4/4
  2753 | D:3      | Reached XP level 5. HP: 23/41 MP: 5/5
  3456 | D:3      | Found a blossoming altar of Fedhas.
  3470 | D:3      | Noticed an oklob plant
  3484 | D:3      | Killed from afar by an oklob plant

Illustrated notes

Levels and vault maps discovered:
D:1:      nzn_arrival_crosshair, layout_basic,
          ebering_ecumenical_altar_petrified
D:2:      layout_rooms, hangedman_decor_points, st_stairs_9,
          minmay_fountain_box, minmay_increasing_density
D:3:      layout_loops_ring, minitemple, tgw_fedhas, minmay_misc_feat_iff,
          uniq_ijyb

Skill      XL: |  1  2  3 |
---------------+----------+-----
Dodging        | 1 |  1.8
Fighting       | |  3.7
Maces & Flails | |  2.9
Armour         | |  3.7
Shields        | |  3.6

Action                   |  1- 3 |  4- 6 || total
-------------------------+-------+-------++-------
Melee: Whip              |   148 |   201 ||   349
       Flail             |     6 |       ||     6
  Use: Scroll            |       |     7 ||     7
Armor: Scale mail        |    10 |       ||    10
       Chain mail        |    64 |    93 ||   157
Dodge: Dodged            |    43 |    57 ||   100
Block: Buckler           |    26 |    27 ||    53

Table legend: (Time is in decaauts)
 A = Elapsed time spent in this place.
 B = Non-inter-level travel time spent in this place.
 C = Inter-level travel time spent in this place.
 D = Time resting spent in this place.
 E = Time spent auto-exploring this place.
 F = Levels seen in this place.
 G = Mean time per level.
                   A        B        C        D        E       F      G
               +--------+--------+--------+--------+--------+-----+--------+
         Total |   3491 |   3428 |     63 |      0 |   2802 |   3 | 1163.7 |
       Dungeon |   3491 |   3428 |     63 |      0 |   2802 |   3 | 1163.7 |
               +--------+--------+--------+--------+--------+-----+--------+

Top non-repeatable levels by time:
     D:2: 1395 daAuts
     D:1: 1305 daAuts
     D:3: 790 daAuts
